 Dungeon Crawl Stone Soup version 0.30.1-11-g7821555f0a (webtiles) character file.

Game seed: 10699350173714331564

20211 Kallu the Dealer of Despair (level 12, 0/88 HPs)
             Began as a Demonspawn Ice Elementalist on Jan 15, 2024.
             Was an Elder of Kikubaaqudgha.
             Slain by a death yak (8 damage)
             ... in a Gauntlet.
             The game lasted 00:45:15 (14044 turns).

Kallu the Dealer of Despair (DsIE)                 Turns: 14044, Time: 00:45:17

Health: 0/88       AC: 18    Str:  9    XL:     12   Next: 43%
Magic:  2/25       EV: 19    Int: 27    God:    Kikubaaqudgha [****..]
Gold:   1534       SH:  8    Dex: 14    Spells: 9/29 levels left

rFire   + . .        a - +2 short sword (vamp)
rCold   + . .        (no shield)
rNeg    . . .        O - +2 robe {Will+}
rPois   .            r - +0 helmet
rElec   .            n - scarf {rC+ rF+}
rCorr   .            (no gloves)
SInv    .            (boots unavailable)
Will    +....        W - amulet of regeneration
Stlth   ++           J - +6 ring of intelligence
HPRegen 1.14/turn    S - +4 ring of protection
MPRegen 0.19/turn

%: no teleportation
@: agile, ice-armoured, freezing walls, hasted, very quick
A: hooves 3, large bone plates 3, powered by death 1, powered by pain 1
a: Renounce Religion, Unearth Wretches


You were in a Gauntlet.
You worshipped Kikubaaqudgha.
Kikubaaqudgha was greatly pleased with you.
You visited 3 branches of the dungeon, and saw 12 of its levels.
You also visited: Bailey and Gauntlet.

You collected 1534 gold pieces.

Inventory:

Hand Weapons
 a - a +2 vampiric short sword (weapon)
 c - the +2 shortbow of Incongruity {antimagic, rElec rC+}
   (You found it in a Gauntlet)

   rC:        It protects you from cold.
   rElec:     It insulates you from electricity.
Missiles
 I - 19 atropa-tipped darts
 K - a throwing net
 P - 2 curare-tipped darts
Armour
 g - an orb of energy
 n - a scarf of resistance (worn)
 r - a +0 helmet (worn)
 z - a +0 cloak
 O - a +2 robe of willpower (worn)
Jewellery
 A - a ring of flight
 J - a +6 ring of intelligence (left hand)
 S - a +4 ring of protection (right hand)
 T - a ring of protection from cold
 V - a ring of see invisible
 W - an amulet of regeneration (around neck)
 Z - a +5 ring of evasion
Wands
 s - a wand of polymorph (14)
 w - a wand of paralysis (10)
Scrolls
 d - 3 scrolls of vulnerability
 e - 6 scrolls of teleportation
 h - 3 scrolls of magic mapping
 i - 3 scrolls of enchant armour
 j - 2 scrolls of fear
 l - 3 scrolls of enchant weapon
 m - 2 scrolls of torment
 q - a scroll of butterflies
 t - a scroll of silence
 u - a scroll of immolation {unknown}
 E - a scroll of fog {unknown}
 G - 3 scrolls of brand weapon {unknown}
 R - a scroll of amnesia {unknown}
Potions
 f - a potion of might {unknown}
 k - 3 potions of flight
 o - a potion of heal wounds
 p - a potion of mutation {unknown}
 v - 4 potions of curing
 x - 5 potions of lignification
 C - 4 potions of haste
 D - a potion of invisibility {unknown}
 F - a potion of berserk rage {unknown}
 M - a potion of brilliance {unknown}
 N - a potion of ambrosia {unknown}
 Q - a potion of resistance {unknown}
 U - a potion of degeneration {unknown}
Miscellaneous
 b - a tin of tremorstones (2/2)
 Y - a box of beasts


   Skills:
 - Level 6.1 Fighting
 - Level 6.0 Dodging
 - Level 1.8 Stealth
 - Level 9.0 Spellcasting
 - Level 5.0 Conjurations
 - Level 4.0 Summonings
 + Level 12.3 Necromancy
 - Level 8.5 Ice Magic
 - Level 5.0 Earth Magic


You had 9 spell levels left.
You knew the following spells:

 Your Spells              Type           Power      Damage    Failure   Level
a - Freeze                Ice            100%       1d10      1%          1
b - Frozen Ramparts       Ice            100%       1d16      1%          3
c - Ozocubu's Armour      Ice            55%        N/A       1%          3
d - Vampiric Draining     Necr           68%        2d10      1%          3
e - Summon Ice Beast      Ice/Summ       46%        N/A       3%          4
f - Dispel Undead         Necr           68%        3d23      1%          4
g - Sublimation of Blood  Necr           68%        N/A       1%          2

Your spell library contained the following spells:

 Spells                   Type           Power      Damage    Failure   Level
 Kiss of Death            Conj/Necr      100%       2d13      1%          1
 Necrotise                Necr           100%       1d9       1%          1
 Agony                    Necr           68%        N/A       1%          5
 Anguish                  Hex/Necr       22%        N/A       3%          4
 Slow                     Hex            48%        N/A       4%          1
 Death Channel            Necr           34%        N/A       4%          6
 Summon Guardian Golem    Hex/Summ       22%        N/A       6%          3
 Scorch                   Fire           24%        2d6       7%          2
 Simulacrum               Ice/Necr       31%        N/A       10%         6
 Confusing Touch          Hex            12%        N/A       14%         3
 Volatile Blastmotes      Fire/Tloc      24%        2d12      14%         3
 Flame Wave               Conj/Fire      25%        2d8       17%         4
 Fulminant Prism          Conj/Hex       12%        3d9       17%         4
 Iskenderun's Mystic Bla  Conj/Tloc      25%        2d7       17%         4
 Iskenderun's Battlesphe  Conj           39%        2d9       17%         5
 Lee's Rapid Deconstruct  Erth           19%        3d11*     17%         5
 Metabolic Englaciation   Hex/Ice        17%        N/A       22%         5
 Iron Shot                Conj/Erth      19%        9d4       67%         6
 Summon Cactus Giant      Summ           16%        N/A       80%         6
 Orb of Destruction       Conj           19%        9d8       99%         7
 Spellforged Servitor     Conj/Summ      18%        N/A       99%         7


Dungeon Overview and Level Annotations

Branches:
Dungeon (10/15)            Temple (1/1) D:5            Lair (1/5) D:9
    Orc (0/2) D:10         Bailey (visited)         Gauntlet (1/1)

Altars:
Ashenzari
Cheibriados
Dithmenos
Fedhas
Gozag
Hepliaklqana
Kikubaaqudgha
Makhleb
Nemelex Xobeh
Okawaru
Qazlal
Ru
Sif Muna
Trog
Uskayaw
Vehumet
Wu Jian
Xom
Yredelemnul

Annotations:
D:8 3 runed translucent doors Gauntlet 7 transporters, 3 runed translucent doors


Innate Abilities, Weirdness & Mutations

You have hooves in place of feet.
You are completely covered in large bone plates. (SH +8)
You regenerate a little health from kills.
You sometimes gain a little power by taking damage.


Message History

Aiming: Vampiric Draining (safe; 1% risk of failure)
Press: ? - help, Shift-Dir - straight line, f - death yak, p - death yak
Aim: a death yak (lightly wounded, soul bound)
You draw life force from the death yak!
You feel life coursing into your body.
Your ice beast hits the death yak but does no damage.
The wall freezes the death yak.
The death yak gores you.
* * * LOW HITPOINT WARNING * * *
The wall freezes the death yak.
The death yak completely misses you.
The wall freezes the death yak but does no damage.
You block the death yak's attack.
The wall freezes the death yak!
The death yak gores you.
* * * LOW HITPOINT WARNING * * *
Unknown command.
Unknown command.
Casting: Vampiric Draining (safe; 1% risk of failure)
Confirm with . or Enter, or press ? or * to list all spells.
Aiming: Vampiric Draining (safe; 1% risk of failure)
Press: ? - help, Shift-Dir - straight line, f/p - death yak
Aim: a death yak (moderately wounded, soul bound)
You draw life force from the death yak.
You feel life coursing into your body.
The wall freezes the necromancer!
Your ice beast barely misses the death yak.
The wall freezes the death yak!
The death yak misses you.
The wall freezes the death yak but does no damage.
You block the death yak's attack.
The wall freezes the death yak but does no damage.
The death yak gores you but does no damage.
The wall freezes the death yak.
You kill the death yak!
Kikubaaqudgha accepts your kill.
A freezing mist starts to gather...
Your life force feels restored.
A death yak simulacrum comes into view.
You feel yourself speed up.
Your ice beast hits the death yak but does no damage.
The wall freezes the death yak!
The death yak gores you!
* * * LOW HITPOINT WARNING * * *
The wall freezes the death yak.
The death yak gores you!
You die...
Kikubaaqudgha rasps: "You have failed me!
Welcome... death!"

#..###..###YY.###..#=#####.
.....#..###YYY###..#..)w...
#...©#..#########..########
#....#.∩...................
.....#.....................
#...©#..###########..######
#....#..#.........#..#....≈
...###..#..Yp.....#..#≈≈.≈≈
#.. #≈..#Y@#...#..#..#^.≈^.
#. ##..#Y.Y......####.≈^≈≈
#≈..#Z...©....#©©#©.^≈.
##..#!........####.^^≈≈
#≈..#..#...#..#..#≈.≈..
##..#.........#..#.≈≈≈.
#≈..#.........#..#....≈
##..###########..######
#≈.....................


You could see 6 death yaks, a necromancer, a death yak simulacrum and a friendly
ice beast (summoned).

Vanquished Creatures
  A hydra (D:10)
  A catoblepas (D:10)
  A death yak (Gauntlet)
  Pikel (D:4)
  A manticore (D:10)
  A moth of wrath (Gauntlet)
  2 cane toads (Lair:1)
  Maggie (D:8)
  An efreet (D:7)
  An unseen horror (D:10)
  A rime drake (Lair:1)
  A polar bear (Lair:1)
  Grinder (D:4)
  2 trolls
  4 blink frogs (Lair:1)
  A slime creature (D:7)
  6 flying skulls (Gauntlet)
  3 shadows (D:10)
  A vampire (D:9)
  5 wyverns (D:9)
  20 yaks
  A steam dragon (D:9)
  11 water moccasins
  13 orc warriors
  A sky beast (D:7)
  2 ice beasts (D:7)
  4 black bears
  An ogre (D:6)
  4 wolves (Gauntlet)
  3 centaurs
  2 lemures (D:4)
  4 phantoms
  12 kobold brigands
  Blork the orc (D:4)
  4 bullfrogs
  2 gnoll sergeants
  7 scorpions
  16 wights
  14 killer bees
  A troll zombie (D:10)
  2 electric eels
  4 howler monkeys
  A jelly (D:7)
  6 hounds
  2 gnoll boudas
  5 orc priests
  6 iguanas
  Ijyb (D:4)
  9 orc wizards
  5 ogre zombies (D:10)
  17 gnolls
  4 adders
  A white imp (D:7)
  3 worms
  3 dart slugs
  21 orcs
  7 ball pythons
  6 bats
  6 endoplasms
  6 giant cockroaches
  9 goblins
  3 hobgoblins
  5 jackals
  4 quokkas
  A frilled lizard (D:2)
  A goblin skeleton (D:10)
  A goblin zombie (D:10)
  2 hobgoblin zombies (D:10)
  27 kobolds
  2 orc skeletons (D:10)
  13 orc zombies (D:10)
  11 rats
353 creatures vanquished.

Vanquished Creatures (collateral kills)
  An orc wizard (D:10)
1 creature vanquished.

Vanquished Creatures (others)
  A jelly (D:7)
1 creature vanquished.

Grand Total: 355 creatures vanquished

Notes
Turn   | Place    | Note
-------+----------+-------------------------------------------
     0 | D:1      | Kallu the Demonspawn Ice Elementalist began the quest for
                  | the Orb.
     0 | D:1      | Reached XP level 1. HP: 13/13 MP: 3/3
   192 | D:1      | Gained mutation: You regenerate a little health from kills.
                  | [demonic ancestry]
   192 | D:1      | Reached XP level 2. HP: 19/19 MP: 5/5
   690 | D:1      | Reached XP level 3. HP: 24/24 MP: 0/6
   694 | D:1      | Learned a level 3 spell: Frozen Ramparts
  1540 | D:2      | Learned a level 3 spell: Ozocubu's Armour
  2055 | D:3      | Found a faded altar of an unknown god.
  2059 | D:3      | Found a sacrificial altar of Ru.
  2131 | D:3      | Reached skill level 1 in Fighting
  2131 | D:3      | Gained mutation: You sometimes gain a little power by
                  | taking damage. [demonic ancestry]
  2131 | D:3      | Reached XP level 4. HP: 26/32 MP: 4/8
  2791 | D:4      | Found a radiant altar of Vehumet.
  3030 | D:4      | Noticed a black bear
  3033 | D:4      | Noticed Ijyb
  3048 | D:4      | Killed a black bear
  3048 | D:4      | Paralysed by Ijyb for 2 turns
  3049 | D:4      | Reached skill level 5 in Ice Magic
  3049 | D:4      | Gained mutation: You are partially covered in large bone
                  | plates. (SH +4) [demonic ancestry]
  3049 | D:4      | Reached XP level 5. HP: 13/41 MP: 0/9
  3055 | D:4      | Paralysed by Ijyb for 3 turns
  3059 | D:4      | Killed Ijyb
  3166 | D:4      | Gained mutation: You are mostly covered in large bone
                  | plates. (SH +6) [demonic ancestry]
  3166 | D:4      | Reached XP level 6. HP: 40/47 MP: 3/10
  3278 | D:4      | Noticed Blork the orc
  3396 | D:4      | Killed Blork the orc
  3519 | D:4      | Noticed Grinder
  3520 | D:4      | Paralysed by Grinder for 2 turns
  3524 | D:4      | Killed Grinder
  3525 | D:4      | Reached XP level 7. HP: 47/52 MP: 11/11
  3599 | D:4      | Noticed Pikel
  3614 | D:4      | Killed Pikel
  3615 | D:4      | Gained mutation: You have large cloven feet. [demonic
                  | ancestry]
  3615 | D:4      | Reached XP level 8. HP: 57/58 MP: 3/12
  3744 | D:4      | Learned a level 3 spell: Vampiric Draining
  3962 | D:4      | Reached skill level 1 in Necromancy
  4173 | D:5      | Entered Level 5 of the Dungeon
  4219 | D:5      | Reached skill level 3 in Necromancy
  4351 | D:5      | Reached skill level 4 in Necromancy
  4437 | D:5      | Reached skill level 5 in Necromancy
  4812 | D:5      | Found a staircase to the Ecumenical Temple.
  4821 | Temple   | Entered the Ecumenical Temple
  5004 | Temple   | Became a worshipper of Kikubaaqudgha
  5282 | D:6      | Reached skill level 5 in Spellcasting
  5496 | D:6      | Gained mutation: You are completely covered in large bone
                  | plates. (SH +8) [demonic ancestry]
  5496 | D:6      | Reached XP level 9. HP: 54/63 MP: 11/17
  5854 | D:6      | You fall into a shaft and drop 1 floor!
  5866 | D:7      | Noticed an efreet
  6210 | D:7      | Found a flagged portal.
  6220 | Bailey   | Entered a bailey
  6297 | Bailey   | Reached skill level 5 in Dodging
  6462 | Bailey   | Reached * piety under Kikubaaqudgha
  6462 | Bailey   | Received a gift from Kikubaaqudgha
  6536 | Bailey   | Reached skill level 5 in Fighting
  6620 | Bailey   | Gained mutation: You have hoof-like feet. [demonic
                  | ancestry]
  6620 | Bailey   | Reached XP level 10. HP: 76/76 MP: 13/19
  6690 | Bailey   | Found a bloodstained altar of Trog.
  6735 | D:7      | Found the amulet of Elemental Vulnerability {rPois rF--
                  | rC-- AC+8}
  6950 | D:7      | Reached skill level 6 in Necromancy
  7159 | D:6      | Found a sparkling altar of Nemelex Xobeh.
  7519 | D:6      | Found an opulent altar of Gozag.
  7521 | D:6      | Found a shimmering altar of Xom.
  7521 | D:6      | Found a hide-covered altar of Uskayaw.
  7937 | D:7      | Reached skill level 7 in Necromancy
  8246 | D:7      | Found a burning altar of Makhleb.
  8246 | D:7      | Noticed a blizzard demon
  8565 | D:7      | Reached ** piety under Kikubaaqudgha
  8566 | D:7      | Reached skill level 8 in Necromancy
  8674 | D:7      | Found an ornate altar of the Wu Jian Council.
  8875 | D:7      | Reached skill level 9 in Necromancy
  9011 | D:8      | Reached skill level 10 in Necromancy
  9588 | D:8      | Found a runed translucent gate.
  9589 | D:8      | Found a runed translucent gate.
  9589 | D:8      | Found a runed translucent gate.
  9591 | D:8      | Noticed a cyan ugly thing
  9592 | D:8      | Noticed a purple ugly thing
  9593 | D:8      | Noticed a green ugly thing
  9594 | D:8      | Noticed a white ugly thing
  9615 | D:8      | Noticed Maggie
  9627 | D:8      | Killed Maggie
 10109 | D:9      | Reached *** piety under Kikubaaqudgha
 10109 | D:9      | Received a gift from Kikubaaqudgha
 10124 | D:9      | Gained mutation: You have hooves in place of feet. [demonic
                  | ancestry]
 10124 | D:9      | Reached XP level 11. HP: 81/81 MP: 10/21
 10201 | D:9      | Reached skill level 11 in Necromancy
 10314 | D:9      | Found a staircase to the Lair.
 10573 | D:9      | Reached skill level 1 in Summonings
 10626 | D:9      | Found a hazy altar of Hepliaklqana.
 10867 | D:9      | Learned a level 4 spell: Summon Ice Beast
 11152 | D:9      | Reached skill level 1 in Earth Magic
 11384 | D:8      | Learned a level 4 spell: Dispel Undead
 11627 | D:10     | Entered Level 10 of the Dungeon
 11657 | D:9      | Learned a level 2 spell: Sublimation of Blood
 11793 | D:10     | Found a staircase to the Orcish Mines.
 11824 | D:10     | Reached **** piety under Kikubaaqudgha
 12086 | D:10     | Noticed a seven-headed hydra
 12104 | D:10     | Killed a seven-headed hydra
 12399 | D:10     | Reached skill level 5 in Earth Magic
 12767 | D:10     | Found a bloodstained altar of Trog.
 13037 | D:10     | Noticed a catoblepas
 13050 | D:10     | Reached skill level 1 in Conjurations
 13050 | D:10     | Reached XP level 12. HP: 88/88 MP: 14/25
 13058 | D:10     | Killed a catoblepas
 13378 | Lair:1   | Entered Level 1 of the Lair of Beasts
 13477 | Lair:1   | Reached skill level 5 in Conjurations
 13632 | Lair:1   | Found a gate leading to a gauntlet.
 13650 | Gauntlet | Entered a Gauntlet
 13650 | Gauntlet | Found a transporter.
 13650 | Gauntlet | Found a transporter.
 13661 | Gauntlet | Found a transporter.
 13663 | Gauntlet | Found a transporter.
 13670 | Gauntlet | Found a runed translucent door.
 13673 | Gauntlet | Found a transporter.
 13674 | Gauntlet | Found a transporter.
 13676 | Gauntlet | Noticed a death yak
 13676 | Gauntlet | Noticed a death yak
 13676 | Gauntlet | Noticed a death yak
 13677 | Gauntlet | Noticed a death yak
 13678 | Gauntlet | Found a runed translucent door.
 13678 | Gauntlet | Noticed a death yak
 13678 | Gauntlet | Noticed a death yak
 13680 | Gauntlet | Found a runed translucent door.
 13682 | Gauntlet | Found a transporter.
 13700 | Gauntlet | Found a transporter.
 13700 | Gauntlet | Noticed a death yak
 13701 | Gauntlet | Noticed a death yak
 13703 | Gauntlet | Noticed a death yak
 13704 | Gauntlet | Noticed a death yak
 13705 | Gauntlet | Found a transporter.
 13708 | Gauntlet | Found a transporter.
 13718 | Gauntlet | Found a transporter.
 13767 | Gauntlet | Found a transporter.
 13898 | Gauntlet | Identified the +0 pair of boots of an ossuary {Dex+3}
 13929 | Gauntlet | Reached skill level 12 in Necromancy
 13952 | Gauntlet | Identified the +2 shortbow of Incongruity {antimagic, rElec
                  | rC+}
 14043 | Gauntlet | Killed a death yak
 14044 | Gauntlet | Slain by a death yak

Illustrated notes

Levels and vault maps discovered:
D:1:      tarquinn_simple_flora_water_f, layout_loops_ring, minmay_statues_item,
          nrook_loot_triangle, minmay_misc_feat_four_crosses
D:2:      layout_loops_ring
D:3:      layout_basic, nicolae_overflow_ecumenical_swirl, st_stairs_13,
          minmay_misc_feat_roman, wad_floor_pattern_1
D:4:      layout_gridville, nicolae_vehumet_radiance, uniq_pikel, uniq_grinder,
          uniq_blork_the_orc, uniq_ijyb
D:5:      layout_rooms, minmay_temple_entry_statues_fountains
D:6:      layout_layer_cave, nemelex_diamond_rough_becter,
          chequers_temple_overflow_statue_of_worship
D:7:      nzn_winding_woodlands_three_and_one [nzn_winding_woodlands_5x15_eye,
          nzn_winding_woodlands_5x15_jagged, nzn_winding_woodlands_5x15_pool,
          nzn_winding_woodlands_center_lodge], layout_cave_pools,
          old_standard_altar, makhleb_altar_promises_db, enter_bailey_2,
          grunt_ministairs_3
D:8:      layout_loops_ring, ploomutoo_gammafunk_ghost_potion_laboratory,
          uniq_maggie
D:9:      layout_gridville, mainiacjoe_overflow_cross_hatched,
          minmay_lair_entry_grove, serial_bayou_ford_a, minmay_alternating_orb
D:10:     nzn_motion_control, layout_long_grid, trog_butcher_becter,
          zombieorc1_lemuel, minivault_4
Temple:   chequers_temple_sunken
Lair:1:   layout_regular_city, gauntlet_entry_generic,
          chequers_serial_rivers_micro_e, beast_lair_carwin_1,
          serial_bayou_shore_b
Gauntlet: minmay_gauntlet_mixed_big_or_small [gammafunk_gauntlet_arena_chambers,
          minmay_gauntlet_arena_77_mess, nicolae_gauntlet_arena_flowing_pool,
          minmay_gauntlet_arena_77_path, gammafunk_gauntlet_arena_hedges,
          minmay_gauntlet_arena_77_cramped, gauntlet_exit_green]

Skill      XL: |  1  2  3  4  5  6  7  8  9 10 11 12 |
---------------+-------------------------------------+-----
Ice Magic      | 4 5 6 8 |  8.5
Spellcasting   | 3 5 6 7 9 |  9.0
Fighting       | 1 3 6 |  6.1
Necromancy     | 5 10 11 12 | 12.3
Dodging        | 6 |  6.0
Summonings     | 4 |  4.0
Earth Magic    | 5 |  5.0
Conjurations   | 1 5 |  5.0
Stealth        | |  1.8

Action                     |  1- 3 |  4- 6 |  7- 9 | 10-12 || total
---------------------------+-------+-------+-------+-------++-------
  Melee: Short sword       |   120 |    70 |   301 |   393 ||   884
         Unarmed           |     7 |       |       |       ||     7
         Punch             |     1 |       |     2 |     9 ||    12
         Kick              |       |       |       |    60 ||    60
   Cast: Freeze            |    30 |    15 |     4 |    11 ||    60
         Frozen Ramparts   |     5 |     8 |    24 |    66 ||   103
         Ozocubu's Armour  |     2 |     3 |    19 |    36 ||    60
         Vampiric Draining |       |       |    13 |    70 ||    83
         Dispel Undead     |       |       |       |    39 ||    39
         Sublimation of Bl |       |       |       |    10 ||    10
         Summon Ice Beast  |       |       |       |     5 ||     5
  Evoke: Wand              |       |     4 |     7 |     6 ||    17
         Box of beasts     |       |       |       |     1 ||     1
    Use: Scroll            |       |       |    10 |     7 ||    17
         Potion            |       |       |     1 |     5 ||     6
   Stab: Sleeping          |     4 |     4 |     3 |     1 ||    12
         Paralysed         |       |       |       |     7 ||     7
 Armour: Robe              |    36 |    34 |    78 |   120 ||   268
         Skin              |       |     7 |       |       ||     7
  Dodge: Dodged            |    88 |    59 |   190 |   319 ||   656
  Block: Other             |       |     3 |   119 |   207 ||   329
